 Dungeon Crawl Stone Soup version 0.31-a0-466-g98c9adc2b6 (webtiles) character file.

Game seed: 1909170360261532738

8133 Anon1729 the Fighter (level 11, -1/99 HPs)
             Began as a Minotaur Monk on Aug 5, 2023.
             Was a Priest of Uskayaw.
             Killed by divine providence
             ... invoked by an orc priest
              (11 damage)
             ... on level 9 of the Dungeon.
             The game lasted 00:06:06 (9146 turns).

Anon1729 the Fighter (Minotaur Monk)                Turns: 9146, Time: 00:06:06

Health: -1/99      AC: 24    Str: 18    XL:     11   Next: 5%
Magic:  0/15       EV:  6    Int: 10    God:    Uskayaw [***...]
Gold:   259        SH:  0    Dex: 18    Spells: 10/10 levels left

rFire   . . .        N - +5 scythe "Finisher" {speed, execute}
rCold   . . .        (shield currently unavailable)
rNeg    . . .        I - +0 crystal plate armour
rPois   .            (helmet restricted)
rElec   .            s - +0 cloak
rCorr   +            O - +1 pair of gloves {Str+3}
SInv    +            f - +0 pair of boots
Will    .....        i - amulet of guardian spirit Stlth
                     n - ring "Quluer" {Int+3 SInv}
HPRegen 0.36/turn    t - ring of resist corrosion
MPRegen 0.14/turn

%: guardian spirit
@: lethally poisoned (-1 -> -5), studying Summonings
A: horns 2, retaliatory headbutt
a: Renounce Religion, Stomp, Line Pass


You were on level 9 of the Dungeon.
You worshipped Uskayaw.
Uskayaw was noncommittal.
You visited 2 branches of the dungeon, and saw 10 of its levels.
You also visited: Ossuary.

You collected 671 gold pieces.
You spent 412 gold pieces at shops.

Inventory:

Hand Weapons
 a - a +0 short sword
 x - a +1 short sword of speed
 N - the +5 scythe "Finisher" (weapon) {speed, execute}
   (You found it on level 8 of the Dungeon)
Armour
 b - a +0 robe
 d - an orb of light
 f - a +0 pair of boots (worn)
 h - a +0 ring mail of positive energy
 s - a +0 cloak (worn)
 C - +0 swamp dragon scales
 I - a +0 crystal plate armour (worn)
 O - a +1 pair of gloves of strength (worn)
 P - the +4 ring mail of a volcano {*Corrode Fly rF+ rC+}
   (You bought it in a shop on level 9 of the Dungeon)

   rF:        It protects you from fire.
   rC:        It protects you from cold.
   Fly:       It grants you flight.
   *Corrode:  It may corrode you when you take damage.
Jewellery
 i - an amulet of guardian spirit (around neck)
 n - the ring "Quluer" (left hand) {Int+3 SInv}
   (You found it on level 2 of the Dungeon)

   [ring of see invisible]

   Int:       It affects your intelligence (+3).
   SInv:      It lets you see invisible.
 t - a ring of resist corrosion (right hand)
 M - a ring of poison resistance
Wands
 B - a wand of flame (42)
 D - a wand of polymorph (8)
Scrolls
 e - a scroll of torment
 j - a scroll of fog {unknown}
 l - 5 scrolls of amnesia
 p - 2 scrolls of enchant weapon
 u - a scroll of blinking {unknown}
 v - 2 scrolls of poison {unknown}
 w - 2 scrolls of teleportation
 y - 2 scrolls of brand weapon
 E - a scroll of revelation
 F - a scroll of butterflies
 L - a scroll of noise {unknown}
Potions
 c - 2 potions of ambrosia
 g - a potion of magic {unknown}
 k - 2 potions of attraction {unknown}
 m - a potion of curing
 q - a potion of degeneration {unknown}
 r - 3 potions of invisibility {unknown}
 z - 2 potions of lignification {unknown}
 A - 4 potions of haste {unknown}
 G - a potion of enlightenment {unknown}
 H - 2 potions of might {unknown}
 J - a potion of mutation {unknown}
 K - a potion of cancellation {unknown}


   Skills:
 + Level 9.9 Fighting
 - Level 9.1 Short Blades
 + Level 0.7 Polearms
 + Level 9.0 Armour
 - Level 9.1 Dodging
 + Level 7.6 Invocations


You had 10 spell levels left.
You didn't know any spells.
Your spell library contained the following spells:

 Spells                   Type           Power      Damage    Failure   Level
 Blink                    Tloc           0%         N/A       100%        2
 Lesser Beckoning         Tloc           0%         N/A       100%        2
 Momentum Strike          Conj/Tloc      0%         3d8       100%        2
 Hailstorm                Conj/Ice       0%         3d3       100%        3
 Portal Projectile        Hex/Tloc       0%         N/A       100%        3
 Stone Arrow              Conj/Erth      0%         3d7       100%        3
 Teleport Other           Tloc           0%         N/A       100%        3
 Tukima's Dance           Hex            0%         N/A       100%        3
 Iskenderun's Mystic Bla  Conj/Tloc      0%         2d3       100%        4
 Summon Ice Beast         Ice/Summ       0%         N/A       100%        4
 Borgnjor's Vile Clutch   Necr/Erth      0%         N/A       100%        5
 Simulacrum               Ice/Necr       0%         N/A       100%        6
 Disjunction              Tloc           0%         N/A       100%        8
 Chain Lightning          Conj/Air       0%         N/A       100%        9
 Fire Storm               Conj/Fire      0%         5d1       100%        9
 Shatter                  Erth           0%         3d5*      100%        9


Dungeon Overview and Level Annotations

Branches:
Dungeon (9/15)             Temple (1/1) D:4         Ossuary (visited)
   Lair: D:8-11         Orc: D:9-12

Altars:
Ashenzari
Cheibriados
Dithmenos
Elyvilon
Fedhas
Hepliaklqana
Nemelex Xobeh
Okawaru
Qazlal
Ru
Sif Muna
Uskayaw
Vehumet
Wu Jian
Xom
Yredelemnul
Zin
The Shining One

Shops:
D:9 [

Annotations:
D:3 3 runed translucent doors, Tenar's ghost, amateur DsFi
D:5 3 runed translucent doors, Riverfreak's ghost, amateur HOFi; qborf's ghost, novice SpHs


Innate Abilities, Weirdness & Mutations

You have a pair of horns on your head.
You reflexively headbutt those who attack you in melee.


Message History

The orc priest completely misses you.
You feel better. The orc hits you but does no damage.
You are poisoned.
The orc priest barely misses you.
You barely miss the orc.
You feel very sick.
An orc comes into view. It is wielding a +0 short sword.
The orc hits you but does no damage.
You are more poisoned.
The orc priest closely misses you.
Reach: N) +5 scythe "Finisher" {speed, execute}
Press: ? - help, Dir - move target, f - orc priest
Aim: an orc priest, wielding a +0 trident (about 35% to evade the +5 scythe "Finisher")
You reach to attack!
The orc shouts!
You slash the orc priest!
The orc priest is severely wounded.
You feel very sick. The orc barely misses you.
The orc priest barely misses you. The orc hits you but does no damage.
The orc priest hits you but does no damage.
Uskayaw will force your foes to helplessly watch your dance.
Reach: N) +5 scythe "Finisher" {speed, execute}
Press: ? - help, Dir - move target, f/p - orc priest
Aim: an orc priest, wielding a +0 trident (severely wounded, about 35% to evade the +5 scythe "Finisher")
The orc is in the way.
You hit the orc.
The orc is heavily wounded.
You feel sick. The orc completely misses you.
The orc priest mumbles some strange prayers to Beogh against you.
Beogh smites you!
* * * LOW HITPOINT WARNING * * *
Reach: N) +5 scythe "Finisher" {speed, execute}
Press: ? - help, Dir - move target, f/p - orc priest
Aim: an orc priest, wielding a +0 trident (severely wounded, about 35% to evade the +5 scythe "Finisher")
The orc is in the way.
You hit the orc.
You kill the orc!
You feel sick.
The orc priest mumbles some strange prayers to Beogh against you.
Beogh smites you!
You die...

..#.##.#..#.##.≈≈##...
......#...#.##.≈≈.#o..
.##..###..#.#..≈≈oo##########
....## ##...#..≈8≈≈≈≈≈≈≈≈≈≈≈≈
.##..###..###..8≈≈≈≈≈≈≈≈≈≈≈≈≈
.####.#...###...o....(.......
.# ##.#.).....ooo###.##....#
.# #.#.####.##)## #.....#.#
..####.#.# #.##@# #.##.##
#.....%#.# #.##.####.##.#
..####.#.# ##.##.........#
.#####.#.###...######.####
.............#.######.#
######..#......#......#
#.###.......######
#..#.######## #.#.##


You could see an orc priest, an orc wizard (invisible) and 5 orcs.

Vanquished Creatures
  A skeletal warrior (D:8)
  A cyclops (D:7)
  A gargoyle (D:7)
  Maggie (D:6)
  2 trolls (D:7)
  Grinder (D:6)
  Prince Ribbit (D:6)
  A hornet (D:8)
  Sigmund (D:5)
  4 wraiths (D:8)
  2 slime creatures (D:7)
  A vampire (D:7)
  4 yaks (D:7)
  2 wyverns
  A vampire mosquito (D:7)
  2 water moccasins
  2 ice beasts
  2 sky beasts
  An orc warrior (D:9)
  2 ogres
  3 centaurs
  Blork the orc (D:5)
  3 bullfrogs
  A kobold brigand (D:8)
  3 scorpions
  3 wights (D:8)
  11 killer bees
  4 howler monkeys
  2 hounds
  2 jellies
  7 orc priests
  A sleepcap (D:6)
  An iguana (D:5)
  Natasha (D:3)
  14 orc wizards
  8 mummies (Ossuary)
  Robin (D:3)
  7 adders
  3 gnolls (D:5)
  2 white imps
  2 ufetubi
  A worm (D:5)
  4 dart slugs
  26 orcs
  9 endoplasms
  6 giant cockroaches
  A gnoll zombie (Ossuary)
  8 hobgoblins
  6 jackals
  5 quokkas
  9 ball pythons
  8 bats
  4 frilled lizards
  16 goblins
  3 hobgoblin zombies (Ossuary)
  7 kobolds
  3 kobold zombies (Ossuary)
  An orc zombie (Ossuary)
  12 rats
242 creatures vanquished.

Notes
Turn   | Place    | Note
-------+----------+-------------------------------------------
     0 | D:1      | Anon1729 the Minotaur Monk began the quest for the Orb.
     0 | D:1      | Reached XP level 1. HP: 19/19 MP: 0/0
   113 | D:1      | Reached XP level 2. HP: 27/27 MP: 1/1
   191 | D:1      | Got the Quarto of the Arenous Compass
   345 | D:1      | Reached skill level 1 in Armour
   712 | D:2      | Reached skill level 1 in Invocations
   717 | D:2      | Reached XP level 3. HP: 28/33 MP: 2/2
  1081 | D:2      | Identified the ring "Quluer" {Int+3 SInv}
  1260 | D:3      | Reached XP level 4. HP: 34/40 MP: 3/3
  1304 | D:3      | Found a runed translucent gate.
  1304 | D:3      | Found a runed translucent gate.
  1430 | D:3      | Identified the +2 helmet "Hepinn" {rPois}
  1638 | D:3      | Noticed Natasha
  1664 | D:3      | Killed Natasha
  1716 | D:3      | Noticed Robin
  1727 | D:3      | Killed Robin
  1976 | D:3      | Found a runed translucent gate.
  1978 | D:3      | Noticed Tenar's ghost (amateur DsFi)
  2041 | D:4      | Found a stormy altar of Qazlal.
  2041 | D:4      | Noticed a sky beast
  2058 | D:4      | Killed a sky beast
  2059 | D:4      | Reached XP level 5. HP: 44/47 MP: 3/5
  2148 | D:4      | Found a staircase to the Ecumenical Temple.
  2183 | Temple   | Entered the Ecumenical Temple
  2193 | Temple   | Became a worshipper of Uskayaw the Reveller
  2193 | Temple   | Reached * piety under Uskayaw
  2348 | D:4      | Reached ** piety under Uskayaw
  2617 | D:4      | Found a sparkling altar of Nemelex Xobeh.
  2619 | D:4      | Found a sacrificial altar of Ru.
  2705 | D:4      | Reached XP level 6. HP: 55/55 MP: 6/6
  2790 | D:4      | Reached skill level 5 in Fighting
  3119 | D:4      | Reached *** piety under Uskayaw
  3122 | D:4      | Reached **** piety under Uskayaw
  3131 | D:4      | Reached ***** piety under Uskayaw
  3133 | D:4      | Reached XP level 7. HP: 40/61 MP: 4/8
  3498 | D:5      | Entered Level 5 of the Dungeon
  3498 | D:5      | Noticed Sigmund
  3516 | D:5      | Killed Sigmund
  3517 | D:5      | Reached skill level 5 in Short Blades
  3517 | D:5      | Reached skill level 5 in Dodging
  3713 | D:5      | Found a hazy altar of Hepliaklqana.
  3874 | D:5      | Noticed Blork the orc
  3886 | D:5      | Killed Blork the orc
  3887 | D:5      | Reached XP level 8. HP: 70/70 MP: 9/9
  3926 | D:5      | Found a broken altar of Ashenzari.
  4230 | D:5      | Found a glowing silver altar of Zin.
  4322 | D:5      | Found a runed translucent gate.
  4322 | D:5      | Found a runed translucent gate.
  4323 | D:5      | Found a runed translucent gate.
  4324 | D:5      | Noticed Riverfreak's ghost (amateur HOFi)
  4324 | D:5      | Noticed qborf's ghost (novice SpHs)
  4616 | D:6      | Found a snail-covered altar of Cheibriados.
  4623 | D:6      | Reached skill level 5 in Armour
  4795 | D:6      | Found a white marble altar of Elyvilon.
  4817 | D:6      | Noticed Maggie
  4832 | D:6      | Killed Maggie
  5134 | D:6      | Noticed Prince Ribbit
  5144 | D:6      | Killed Prince Ribbit
  5145 | D:6      | Reached skill level 5 in Invocations
  5145 | D:6      | Reached XP level 9. HP: 68/79 MP: 9/11
  5239 | D:6      | Noticed Grinder
  5260 | D:6      | Killed Grinder
  5983 | D:7      | Found a radiant altar of Vehumet.
  5997 | D:7      | Found a shimmering blue altar of Sif Muna.
  6084 | D:7      | Noticed a troll
  6095 | D:7      | Killed a troll
  6194 | D:7      | Noticed a gargoyle
  6194 | D:7      | Noticed a purple ugly thing
  6195 | D:7      | Noticed a white ugly thing
  6195 | D:7      | Noticed a cyclops
  6603 | D:7      | Killed a cyclops
  6604 | D:7      | Reached XP level 10. HP: 47/90 MP: 7/13
  6793 | D:7      | Killed a gargoyle
  7818 | D:8      | Found a sand-covered staircase.
  7892 | Ossuary  | Entered an ossuary
  8191 | D:8      | Found the +5 scythe "Finisher" {speed, execute}
  8194 | D:8      | Noticed a skeletal warrior
  8224 | D:8      | Killed a skeletal warrior
  8227 | D:8      | HP: 3/92 [wraith (10)]
  8520 | D:8      | Reached XP level 11. HP: 80/95 MP: 11/15
  8924 | D:9      | Found a glowing golden altar of the Shining One.
  9014 | D:9      | Found Icauf's Antique Armour Boutique.
  9019 | D:9      | Bought a pair of runed gloves for 187 gold pieces
  9019 | D:9      | Bought a twisted ring mail for 225 gold pieces
  9019 | D:9      | Identified the +4 ring mail of a volcano {*Corrode Fly rF+
                  | rC+} (You bought it in a shop on level 9 of the Dungeon)
  9146 | D:9      | Killed from afar by an orc priest

Illustrated notes

Levels and vault maps discovered:
D:1:      eino_arrival_water_cross, layout_basic
D:2:      layout_rooms, minmay_misc_feat_enclosed
D:3:      layout_loops_cross, gammafunk_ghost_necromancy, uniq_natasha,
          uniq_robin
D:4:      layout_basic, nicolae_qazlal_beasts_of_the_sky,
          nicolae_overflow_hidden_temple, minmay_temple_entry_mini_moons,
          kennysheep_windowed_goal
D:5:      layout_loops_ring, cheibrodos_ashenzari_chains,
          mainiacjoe_overflow_paths, zin_academy, gammafunk_ghost_cemetery,
          uniq_blork_the_orc, uniq_sigmund
D:6:      layout_loops_ring, mainiacjoe_overflow_catch_the_wave,
          gup_sewer_entry_bubbles, uniq_maggie, uniq_prince_ribbit1,
          uniq_grinder
D:7:      minmay_the_grid_triangle_9x9_rhombus_thin
          [minmay_the_grid_triangle_9x9_warning,
          minmay_the_grid_triangle_9x9_prize_center,
          minmay_the_grid_triangle_9x9_longest,
          minmay_the_grid_triangle_9x9_zippers_vertical], layout_loops_ring,
          vehumet_crystals, nicolae_sif_muna_condensation, nicolae_letterblocks
          [nicolae_letter_subblock, nicolae_letter_subblock,
          nicolae_letter_subblock, nicolae_letter_subblock,
          nicolae_letter_subblock, nicolae_letter_subblock,
          nicolae_letter_subblock, nicolae_letter_subblock,
          nicolae_letter_subblock, nicolae_letter_subblock,
          nicolae_letter_subblock, nicolae_letter_subblock,
          nicolae_letter_subblock, nicolae_letter_subblock,
          nicolae_letter_subblock, nicolae_letter_subblock,
          nicolae_letter_subblock, nicolae_letter_subblock,
          nicolae_letter_subblock, nicolae_letter_subblock,
          nicolae_letter_subblock, nicolae_letter_subblock,
          nicolae_letter_subblock, nicolae_letter_subblock,
          nicolae_letter_subblock]
D:8:      layout_basic, chequers_ossuary_entry_cave,
          minmay_guarded_unrand_finisher
D:9:      layout_loops_ring, mainiacjoe_overflow_24_doors, erik_orc_2,
          enter_bailey_4, serial_shops, nicolae_shop_overgrown_old_shop
Temple:   nicolae_temple_little_seven

Skill      XL: |  1  2  3  4  5  6  7  8  9 10 11 |
---------------+----------------------------------+-----
Armour         | 1 2 3 4 6 7 8 9 |  9.0
Invocations    | 1 2 3 5 6 7 |  7.6
Fighting       | 4 5 6 7 8 9 |  9.9
Short Blades   | 4 5 6 7 9 |  9.1
Dodging        | 4 5 6 7 9 |  9.1
Polearms       | |  0.7

Action                     |  1- 3 |  4- 6 |  7- 9 | 10-12 || total
---------------------------+-------+-------+-------+-------++-------
  Melee: Short sword       |   122 |   192 |   345 |   324 ||   983
         Headbutt          |    20 |    38 |   100 |    95 ||   253
         Scythe            |       |       |       |    30 ||    30
 Invoke: Stomp             |       |       |       |     2 ||     2
         Line Pass         |       |       |       |     1 ||     1
    Use: Scroll            |       |       |     5 |     5 ||    10
         Potion            |       |       |       |     9 ||     9
   Stab: Paralysed         |       |     1 |    21 |    18 ||    40
         Confused          |       |       |       |     1 ||     1
 Armour: Robe              |    12 |       |       |       ||    12
         Ring mail         |    28 |    59 |    22 |       ||   109
         Skin              |       |    14 |       |       ||    14
         Swamp dragon scal |       |       |    30 |    41 ||    71
         Crystal plate arm |       |       |       |    41 ||    41
  Dodge: Dodged            |    60 |    73 |   123 |   143 ||   399

Table legend: (Time is in decaauts)
 A = Elapsed time spent in this place.
 B = Non-inter-level travel time spent in this place.
 C = Inter-level travel time spent in this place.
 D = Time resting spent in this place.
 E = Time spent auto-exploring this place.
 F = Levels seen in this place.
 G = Mean time per level.
                   A        B        C        D        E       F      G
               +--------+--------+--------+--------+--------+-----+--------+
         Total |   8751 |   8477 |    274 |    295 |   6739 |  11 |  795.5 |
       Dungeon |   8574 |   8308 |    266 |    295 |   6639 |   9 |  952.7 |
        Temple |     18 |     10 |      8 |      0 |      0 |   1 |   18.0 |
       Ossuary |    158 |    158 |      0 |      0 |    100 |   1 |  158.0 |
               +--------+--------+--------+--------+--------+-----+--------+

Top non-repeatable levels by time:
     D:7: 1584 daAuts
     D:4: 1401 daAuts
     D:8: 1245 daAuts
     D:6: 1123 daAuts
     D:5: 967 daAuts
     D:3: 925 daAuts
     D:1: 679 daAuts
     D:2: 401 daAuts
     D:9: 245 daAuts
 Ossuary: 158 daAuts
  Temple: 18 daAuts
